 Dungeon Crawl Stone Soup version 0.24.0-37-gcf1ca852f1 (console) character file.

Game seed: 13501380459417873877, levelgen mode: deterministic

2041 AlterAsc the Cleaver (level 9, -11/82 HPs)
             Began as a Hill Orc Fighter on Nov 23, 2019.
             Was an Initiate of Makhleb.
             Mangled by an orc warrior
             ... wielding a +1 battleaxe of electrocution
              (17 damage)
             ... on level 6 of the Dungeon.
             The game lasted 00:14:22 (5598 turns).

AlterAsc the Cleaver (Hill Orc Fighter)             Turns: 5598, Time: 00:14:22

Health: -11/82     AC: 14    Str: 22    XL:     9   Next: 24%
Magic:  9/9        EV:  7    Int:  8    God:    Makhleb [......]
Gold:   258        SH:  5    Dex: 10    Spells: 8/8 levels left

rFire    + . .     SeeInvis .   a - +0 war axe
rCold    . . .     Gourm    .   E - +0 buckler
rNeg     . . .     Faith    .   w - +2 chain mail {rPois}
rPois    +         Spirit   .   q - +0 helmet
rElec    .         Reflect  .   x - +0 cloak
rCorr    .         Harm     .   (no gloves)
MR       .....                  o - +0 pair of boots
Stlth    ..........             (no amulet)
HPRegen  0.23/turn              H - ring of flight
MPRegen  0.11/turn              K - ring of protection from fire

@: no status effects
A: no striking features
a: Renounce Religion, Evoke Flight


You were on level 6 of the Dungeon.
You worshipped Makhleb.
Makhleb was noncommittal.
You were not hungry.

You visited 2 branches of the dungeon, and saw 8 of its levels.

You collected 258 gold pieces.

Inventory:

Hand Weapons
 a - a +0 war axe (weapon)
 t - a +0 shortbow
Missiles
 u - 60 arrows
Armour
 b - a +0 scale mail
 c - a +0 shield
 o - a +0 pair of boots (worn)
 q - a +0 helmet (worn)
 s - a +0 chain mail
 w - a +2 chain mail of poison resistance (worn)
 x - a +0 cloak (worn)
 y - a +0 chain mail of magic resistance
 E - a +0 buckler (worn)
Jewellery
 H - a ring of flight (left hand)
 K - a ring of protection from fire (right hand)
Wands
 F - a wand of random effects (20)
 G - a wand of paralysis (5)
 J - a wand of scattershot (6)
Scrolls
 i - 4 scrolls of identify
 k - 2 scrolls of noise
 n - 2 scrolls of teleportation
 r - 2 scrolls of fear
 v - 2 scrolls of fog
 B - 4 scrolls of remove curse
 D - a scroll of blinking {unknown}
Potions
 d - a potion of might
 e - a potion of curing
 g - 2 potions of brilliance {unknown}
 h - 2 potions of lignification {unknown}
 j - a potion of heal wounds {unknown}
 m - 3 potions of haste
 p - 2 potions of magic
 z - a potion of invisibility {unknown}
 A - a potion of flight {unknown}
 C - a potion of berserk rage {unknown}
 I - a potion of degeneration {unknown}
 L - a potion of mutation {unknown}
Comestibles
 f - 12 rations
 l - a chunk of flesh


   Skills:
 + Level 8.3 Fighting
 * Level 11.6 Axes
 - Level 3.2 Armour
 + Level 6.2 Shields


You had 8 spell levels left.
You didn't know any spells.
Your spell library contained the following spells:

 Spells                   Type           Power        Failure   Level  Hunger
 Animate Skeleton         Necr           N/A          98%         1    ##.....
 Pain                     Necr           #...         98%         1    ##.....
 Regeneration             Chrm/Necr      #.........   100%        3    ####...
 Vampiric Draining        Necr           #.........   100%        3    ####...
 Animate Dead             Necr           N/A          100%        4    #####..


Dungeon Overview and Level Annotations

Branches:
Dungeon (7/15)             Temple (1/1) D:7

Altars:
Ashenzari
Dithmenos
Fedhas
Gozag
Kikubaaqudgha
Makhleb
Nemelex Xobeh
Okawaru
Qazlal
Ru
Sif Muna
Trog
Uskayaw
Vehumet
Xom
Yredelemnul
Zin
The Shining One

Shops:
D:5 }   D:6 =


Message History

You feel better.
Found 14 gold pieces.
The centaur shoots an arrow.
The arrow hits you but does no damage.
You see here an arrow.
There is a stone staircase leading up, spattered with blood here.
You see here 2 arrows.
The orc warrior hits you with a +1 battleaxe of electrocution!
* * * LOW HITPOINT WARNING * * *
The centaur shoots an arrow.
The arrow hits you but does no damage.
You climb upwards.
There is a stone staircase leading down here.
Press: ? - help, v - describe, . - travel
Here: an orc warrior, wielding a +1 battleaxe of electrocution and wearing a +0 chain mail (lightly wounded)
The floor.
You feel better.
The orc warrior hits you but does no damage.
The orc warrior hits you with a +1 battleaxe of electrocution.
* * * LOW HITPOINT WARNING * * *
You are electrocuted!
You die...

#......# ##..รท..##
#......# ## #..#####
.##### ##.# .....#####
#.# ###......########
#.# ### #
#######......>###.###.##
# #####..o@...#....# #
####........## #
####.##### # #.## # ##.#
# #.## # #..# # ##.#
############ #.###


You could see an orc warrior.

Vanquished Creatures
  Grinder (D:5)
  A hungry ghost (D:6)
  Duvessa (D:5)
  An ice beast (D:7)
  An orc warrior (D:7)
  2 ogres
  2 centaurs
  A bullfrog (D:6)
  Dowan (D:5)
  4 scorpions
  3 killer bees (D:7)
  2 crimson imps (D:6)
  2 hounds
  A centaur skeleton (D:4)
  2 bullfrog skeletons (D:7)
  An orc wizard (D:4)
  An iguana (D:7)
  4 worker ants
  Natasha (thrice) (D:4)
  Terence (D:3)
  A hound zombie (D:7)
  A worker ant zombie (D:5)
  6 adders
  A white imp (D:6)
  4 worms
  3 dart slugs
  5 leopard geckos
  16 orcs
  A ball python (D:3)
  7 giant cockroaches
  4 goblins
  6 hobgoblins
  4 jackals (D:7)
  3 kobolds
  3 quokkas
  3 bats
  8 frilled lizards
  4 rats
115 creatures vanquished.

Notes
Turn   | Place    | Note
-------+----------+-------------------------------------------
     0 | D:1      | AlterAsc the Hill Orc Fighter began the quest for the Orb.
     0 | D:1      | Reached XP level 1. HP: 19/19 MP: 1/1
    21 | D:1      | Reached skill level 3 in Axes
    25 | D:1      | Reached XP level 2. HP: 9/27 MP: 2/2
   642 | D:2      | Reached skill level 4 in Axes
   674 | D:2      | Reached XP level 3. HP: 17/33 MP: 3/3
  1546 | D:2      | Found a glowing golden altar of the Shining One.
  1668 | D:3      | Noticed a centaur
  1674 | D:3      | Killed a centaur
  1674 | D:3      | Reached skill level 5 in Axes
  1674 | D:3      | Reached XP level 4. HP: 37/41 MP: 4/4
  1674 | D:3      | Reached XP level 5. HP: 42/47 MP: 5/5
  1881 | D:3      | Noticed Terence
  1891 | D:3      | Killed Terence
  1891 | D:3      | Reached skill level 5 in Fighting
  1891 | D:3      | Reached skill level 6 in Axes
  2213 | D:4      | Noticed an ogre
  2223 | D:4      | Killed an ogre
  2223 | D:4      | Reached skill level 7 in Axes
  2223 | D:4      | Reached XP level 6. HP: 34/56 MP: 6/6
  2527 | D:4      | Noticed Natasha
  2540 | D:4      | Killed Natasha
  2707 | D:4      | Noticed Natasha
  2711 | D:4      | Killed Natasha
  2758 | D:4      | Noticed Natasha
  2762 | D:4      | Killed Natasha
  2762 | D:4      | Reached skill level 8 in Axes
  2762 | D:4      | Reached XP level 7. HP: 63/63 MP: 7/7
  2815 | D:4      | Found a shimmering altar of Xom.
  2816 | D:4      | Found a basalt altar of Yredelemnul.
  2820 | D:4      | Found a blossoming altar of Fedhas.
  2868 | D:5      | Entered Level 5 of the Dungeon
  2927 | D:5      | Found an ancient bone altar of Kikubaaqudgha.
  2929 | D:5      | Noticed Grinder
  2930 | D:5      | Found a blossoming altar of Fedhas.
  2942 | D:5      | Killed Grinder
  3082 | D:5      | Reached skill level 9 in Axes
  3249 | D:5      | Found Nystrou's Gadget Shop.
  3300 | D:5      | Noticed Duvessa
  3301 | D:5      | Noticed Dowan
  3312 | D:5      | Killed Duvessa
  3312 | D:5      | Reached XP level 8. HP: 64/71 MP: 8/8
  3320 | D:5      | Killed Dowan
  3608 | D:5      | Found a shattered altar of Ashenzari.
  3824 | D:6      | Reached skill level 10 in Axes
  3845 | D:6      | Reached skill level 5 in Shields
  3992 | D:6      | Found Oravuboi's Jewellery Emporium.
  4017 | D:6      | Found a shimmering altar of Xom.
  4961 | D:7      | Reached skill level 11 in Axes
  4962 | D:7      | Reached XP level 9. HP: 53/81 MP: 9/9
  5444 | D:7      | Found a staircase to the Ecumenical Temple.
  5458 | Temple   | Entered the Ecumenical Temple
  5507 | Temple   | Became a worshipper of Makhleb the Destroyer
  5581 | D:7      | HP: 3/82 [centaur/iceblast (6)]
  5598 | D:6      | Mangled by an orc warrior

Levels and vault maps discovered:
D:1:      scummos_arrival_simple_fountains, layout_rooms
D:2:      layout_basic, nicolae_tso_swordbearing_angel
D:3:      layout_rooms, uniq_terence
D:4:      layout_loops_ring, gammafunk_temple_overflow_forgotten, first_ration,
          kennysheep_crisscross, minmay_misc_feat_tower, uniq_natasha
D:5:      layout_basic, lemuel_doored_altar, overflow_temple_1_default,
          serial_shops, shop, fedhas_altar_3, uniq_grinder, uniq_duvessa
D:6:      layout_cave_pods, basic_altar, serial_shops, shop_fountains,
          hangedman_glass_teeth, hangedman_decor_peaks_small,
          minmay_fire_ice_demons
D:7:      layout_cave_pools, minmay_temple_entry_butterflies
Temple:   cyrus_circular_temple

Skill      XL: |  1  2  3  4  5  6  7  8  9 |
---------------+----------------------------+-----
Axes           | 3 4 5 7 8 9 11 | 11.6
Fighting       | 4 5 6 8 |  8.3
Shields        | 4 5 6 |  6.2
Armour         | |  3.2

Action                   |  1- 3 |  4- 6 |  7- 9 || total
-------------------------+-------+-------+-------++-------
Melee: War axe           |   123 |   108 |   240 ||   471
  Use: Scroll            |       |     9 |     2 ||    11
       Potion            |       |       |     2 ||     2
  Eat: Chunk             |     3 |     3 |     9 ||    15
       Ration            |       |       |     2 ||     2
Armor: Scale mail        |    46 |       |       ||    46
       Chain mail        |     1 |    54 |   187 ||   242
Dodge: Dodged            |    27 |    22 |    86 ||   135
Block: Shield            |    54 |    31 |       ||    85
       Buckler           |       |     1 |    69 ||    70
